 Dungeon Crawl Stone Soup version 0.23.2 (webtiles) character file.

Game seed: 15347981874199755628

158 Kinoniko the Skirmisher (level 5, 0/41 HPs)
             Began as a Demonspawn Abyssal Knight on Apr 3, 2019.
             Was a Follower of Lugonu.
             Killed from afar by Sigmund (3 damage)
             ... with a magic dart
             ... on level 4 of the Dungeon.
             The game lasted 00:09:05 (3023 turns).

Kinoniko the Skirmisher (Demonspawn Abyssal Knight) Turns: 3023, Time: 00:09:05

Health: 0/41       AC:  4    Str: 13    XL:     5   Next: 16%
Magic:  0/7        EV: 12    Int: 14    God:    Lugonu [*.....]
Gold:   120        SH:  0    Dex: 12    Spells: 4/4 levels left

rFire    . . .     SeeInvis .   a - +2 falchion
rCold    + . .     Gourm    .   (no shield)
rNeg     . . .     Faith    .   b - +0 leather armour
rPois    .         Spirit   +   m - +0 helmet
rElec    .         Reflect  .   (no cloak)
rCorr    .         Harm     .   (no gloves)
MR       .....                  (no boots)
Stlth    +.........             (no amulet)
HPRegen  0.13/turn              d - ring of protection from cold
MPRegen  0.10/turn              (no ring)

@: lethally poisoned (0 -> -5)
A: hooves 2, magic shield
a: Depart the Abyss, Renounce Religion


You were on level 4 of the Dungeon.
You worshipped Lugonu.
Lugonu was aware of your devotion.
You were not hungry.

You visited 1 branch of the dungeon, and saw 4 of its levels.
You visited the Abyss 1 time.

You collected 120 gold pieces.

Inventory:

Hand Weapons
 a - a +2 falchion (weapon)
 k - a +1 vampiric short sword
Armour
 b - a +0 leather armour (worn)
 h - a +0 shield
 m - a +0 helmet (worn)
Jewellery
 d - a ring of protection from cold (left hand)
Scrolls
 c - 2 scrolls of teleportation
 j - 3 scrolls of remove curse
Potions
 e - a potion of flight {unknown}
 f - 2 potions of mutation {unknown}
 g - 3 potions of curing {unknown}
 n - a potion of brilliance {unknown}
Comestibles
 i - 8 rations


   Skills:
 + Level 3.5 Fighting
 * Level 3.1 Long Blades
 * Level 2.8 Armour
 * Level 2.0 Dodging
 + Level 0.4 Stealth
 - Level 3.1 Invocations


You had 4 spell levels left.
You didn't know any spells.
Your spell library contained the following spells:

 Spells                   Type           Power        Failure   Level  Hunger
 Magic Dart               Conj           #...         36%         1    ##.....
 Searing Ray              Conj           #.....       50%         2    ###....
 Dazzling Spray           Conj/Hex       #.....       73%         3    ####...
 Force Lance              Conj/Tloc      #.......     98%         4    #####..
 Fulminant Prism          Conj/Hex       #.........   98%         4    #####..
 Iskenderun's Mystic Bla  Conj           #.......     98%         4    #####..


Dungeon Overview and Level Annotations

Branches:
Dungeon (4/15)
 Temple: D:4-7

Altars:
Ashenzari
Okawaru

Annotations:
D:4 Sigmund


Innate Abilities, Weirdness & Mutations

You have hoof-like feet.
When hurt, damage is shared between your health and your magic reserves.


Message History

You feel sick. The worker ant closely misses you.
You hit the worker ant. You kick the worker ant.
You kill the worker ant!
Lugonu accepts your kill.
Your Dodging skill increases to level 2!
You have reached level 5!
Your demonic ancestry asserts itself...
Your feet thicken and deform.
You feel sick.
You hear some strange, mumbled words.
A puff of flame appears from out of thin air!
The puff of flame misses you.
A magic dart appears from out of thin air!
The magic dart hits you.
* * * LOW HITPOINT WARNING * * *
* * * LOW HITPOINT WARNING * * *
You feel sick.
A magic dart appears from out of thin air!
The magic dart hits you.
You die...

##################
#.................
#.################
#@# #.. #.#
#.###### #.#
#.#..... #†#
#.......
#.#########.(.....
#.......†.........
#########.........
##..........
#...@.......


There were no monsters in sight!

Vanquished Creatures
  Natasha (twice) (D:2)
  A worker ant (D:4)
  2 adders
  2 oozes
  2 dart slugs (D:1)
  A worm (D:2)
  A leopard gecko (D:4)
  2 orcs
  2 giant cockroaches
  2 goblins (D:1)
  8 hobgoblins
  2 kobolds (D:2)
  A quokka (D:2)
  14 bats
  6 frilled lizards
  7 rats
55 creatures vanquished.

Notes
Turn   | Place    | Note
-------+----------+-------------------------------------------
     0 | Abyss:1  | Kinoniko the Demonspawn Abyssal Knight began the quest for
                  | the Orb.
     0 | Abyss:1  | Reached XP level 1. HP: 18/18 MP: 2/2
    33 | Abyss:1  | Noticed an eye of draining
    34 | D:1      | Escaped the Abyss
    64 | D:1      | Gained mutation: You have large cloven feet. [demonic
                  | ancestry]
    64 | D:1      | Reached XP level 2. HP: 23/24 MP: 2/4
   297 | D:1      | Reached * piety under Lugonu
   347 | D:1      | Reached skill level 1 in Dodging
   725 | D:2      | Reached XP level 3. HP: 29/29 MP: 5/5
  1089 | D:2      | Noticed Natasha
  1097 | D:2      | Killed Natasha
  1097 | D:2      | Gained mutation: When hurt, damage is shared between your
                  | health and your magic reserves. [demonic ancestry]
  1097 | D:2      | Reached XP level 4. HP: 19/35 MP: 6/6
  1428 | D:2      | Found a shattered altar of Ashenzari.
  1506 | D:2      | Noticed Natasha
  1511 | D:2      | Killed Natasha
  1790 | D:3      | Found an iron altar of Okawaru.
  3001 | D:4      | Noticed Sigmund
  3021 | D:4      | Gained mutation: You have hoof-like feet. [demonic
                  | ancestry]
  3021 | D:4      | Reached XP level 5. HP: 9/41 MP: 2/7
  3023 | D:4      | Killed from afar by Sigmund

Skill      XL: |  1  2  3  4 |
---------------+-------------+-----
Invocations    | 3 |  3.1
Long Blades    | 2 3 |  3.1
Dodging        | 1 2 |  2.0
Armour         | 2 |  2.8
Fighting       | |  3.5
Stealth        | |  0.4

Action                   |  1- 3 |  4- 6 || total
-------------------------+-------+-------++-------
Melee: Falchion          |    82 |    62 ||   144
       Kick              |    14 |    12 ||    26
Invok: Depart the Abyss  |     1 |       ||     1
  Use: Scroll            |     3 |     4 ||     7
 Stab: Sleeping          |     1 |       ||     1
  Eat: Ration            |     1 |     1 ||     2
Armor: Leather armour    |    32 |    22 ||    54
Dodge: Dodged            |    64 |    47 ||   111
       Rpst.: Falchion   |    18 |    13 ||    31
